 Dungeon Crawl Stone Soup version 0.20-a0-723-gf57855b (webtiles) character file.

3976 Laan the Markscentaur (level 10, -10/73 HPs)
             Began as a Centaur Hunter on Feb 21, 2017.
             Was a Priest of Okawaru.
             Killed from afar by Erica (30 damage)
             ... with a bolt of poison
             ... on level 8 of the Dungeon on Feb 22, 2017.
             The game lasted 00:19:46 (8612 turns).

Laan the Markscentaur (Centaur Hunter)              Turns: 8612, Time: 00:19:46

Health: -10/73     AC: 10    Str: 16    XL:     10   Next: 2%
Magic:  10/10      EV:  9    Int: 10    God:    Okawaru [***...]
Gold:   487        SH:  0    Dex: 17    Spells: 9/9 levels left

rFire    . . .     SeeInvis .   b - +4 rapier (venom)
rCold    . . .     Gourm    .   A - +2 ring mail of the Foremost Runes {-Cast Regen+ rCorr Dex+5}
rNeg     . . .     Faith    .   (no shield)
rPois    .         Spirit   .   t - +0 helmet
rElec    .         Reflect  .   i - +0 cloak
rCorr    +         Harm     .   D - +0 pair of gloves
MR       +....     NoCast   +   (no barding)
Stlth    +.........             (no amulet)
Regen    0.7/turn               (no ring)
MPRegen  0.2/turn               e - ring of protection from magic

@: lethally poisoned (-10 -> -15), very quick
A: hooves 3, deformed body, speed 2, tough skin 3
a: Heroism, Renounce Religion


You were on level 8 of the Dungeon.
You worshipped Okawaru.
Okawaru was most pleased with you.
You were not hungry.

You visited 2 branches of the dungeon, and saw 9 of its levels.

You collected 502 gold pieces.
You spent 15 gold pieces at shops.

Inventory:

Hand Weapons
 a - a +1 shortbow
 b - a +4 rapier of venom (weapon)
 L - a +0 short sword
 P - the +3 quarterstaff of Loekab {crush, *Corrode rC+ Int+4, unknown}
   (You found it on level 7 of the Dungeon)

   It inflicts extra damage upon your enemies.
   It affects your intelligence (+4).
   It protects you from cold.
   It may corrode you when you take damage.
Missiles
 g - 38 arrows
Armour
 c - a +0 leather armour
 i - a +0 cloak (worn)
 t - a +0 helmet (worn)
 A - the +2 ring mail of the Foremost Runes (worn) {-Cast Regen+ rCorr Dex+5}
   (You found it on level 4 of the Dungeon)

   It affects your dexterity (+5).
   It prevents spellcasting.
   It increases your rate of regeneration.
   It protects you from acid and corrosion.
 D - a +0 pair of gloves (worn)
Jewellery
 e - a ring of protection from magic (left hand)
 E - the ring "Xunum" {Ice *Slow rN+++ Dex+7, unknown}
   (You found it on level 6 of the Dungeon)

   [ring of ice]

   It enhances your ice magic.
   It affects your dexterity (+7).
   It makes you vulnerable to fire.
   It protects you from cold.
   It renders you almost immune to negative energy.
   It may slow you when you take damage.
 M - an uncursed ring of protection from magic
Wands
 v - a wand of random effects (21/48)
 y - a wand of paralysis (0/24)
 K - a wand of polymorph (9/24)
 N - a wand of confusion (26/48)
Scrolls
 h - 4 scrolls of magic mapping
 j - 2 scrolls of amnesia {unknown}
 k - 4 scrolls of remove curse
 m - a scroll of recharging
 r - 7 scrolls of identify
 C - a scroll of enchant armour {unknown}
 G - a scroll of immolation {unknown}
 I - 3 scrolls of teleportation {unknown}
 J - a scroll of fog {unknown}
 O - a scroll of holy word {unknown}
Potions
 l - 3 potions of heal wounds
 o - a potion of curing
 p - 2 potions of berserk rage {unknown}
 q - 3 potions of agility
 s - a potion of brilliance {unknown}
 u - a potion of might {unknown}
 w - 2 potions of lignification {unknown}
 x - 2 potions of mutation {unknown}
 F - a potion of flight {unknown}
 H - 2 potions of degeneration
 R - 2 potions of cancellation {unknown}
Books
 B - a book of Cantrips

   Spells                             Type                      Level
   a - Confusing Touch                Hexes                        1
   b - Animate Skeleton               Necromancy                   1
   c - Summon Small Mammal            Summoning                    1
   d - Apportation                    Translocation                1
Comestibles
 d - 4 meat rations
 f - 3 bread rations
 n - 4 royal jellies
 z - 8 fruits
 Q - 4 chunks of flesh


   Skills:
 - Level 2.0 Fighting
 + Level 17.9 Bows
 - Level 1.3 Dodging
 - Level 0.4 Stealth


You had 9 spell levels left.
You didn't know any spells.

Dungeon Overview and Level Annotations

Branches:
Dungeon (8/15)             Temple (1/1) D:5
   Lair: D:8-11

Altars:
Ashenzari
Cheibriados
Elyvilon
Fedhas
Gozag Ieoh Jian
Kikubaaqudgha
Makhleb
Nemelex Xobeh
Okawaru
Ru
Sif Muna
Trog
Uskayaw
Vehumet
Xom
Yredelemnul
Zin
The Shining One

Shops:
D:6 !

Annotations:
D:8 Erica


Innate Abilities, Weirdness & Mutations

You have hooves in place of feet.
Armour fits poorly on your strangely shaped body.
You cover ground very quickly.
You have extremely tough skin. (AC +3)


Message History

You barely miss something. You kick something.
You feel sick. Something hits you! Something burns you.
You hit something.
You feel sick. Something hits you. Something burns you.
You miss something.
You feel sick.
You hear some strange, mumbled words.
An orb of energy appears from out of thin air!
The orb of energy hits you!
You closely miss something.
You feel sick. Something hits you!
* * * LOW HITPOINT WARNING * * *
Something burns you.
* * * LOW HITPOINT WARNING * * *
You feel better. Something hits you.
* * * LOW HITPOINT WARNING * * *
Something burns you.
* * * LOW HITPOINT WARNING * * *
You hear some strange, mumbled words.
A bolt of poison appears from out of thin air!
The bolt of poison hits you!
You are poisoned.
You die...

..# #########+###########
....................#
.........<..........#
....................#
....................#
....................#####
#'####+## +##....##.....#
........# #...@#......#
........# #....#......#
........# #...{#......#
##.####+# #....#......#
##.### #####....##'##..#
.....# #...#....#..##..#
.....# #...'....'......#
.....+ #...#....#......#
##..###+#####....#..##..#


There were no monsters in sight!

Vanquished Creatures
  A two-headed ogre (D:8)
  The ghost of smajdalf the Zephyrmancer, a novice TeAE (D:4)
  Psyche (D:8)
  Grinder (D:3)
  Sigmund (D:5)
  Eustachio (D:4)
  Edmund (D:4)
  Duvessa (D:6)
  A black bear (D:7)
  A sky beast (D:5)
  2 ogres
  A phantom (D:6)
  Blork the orc (D:4)
  2 bullfrogs
  3 big kobolds
  A gnoll sergeant (D:7)
  Dowan (D:6)
  A scorpion (D:5)
  3 crimson imps
  A bullfrog zombie (D:5)
  4 hounds
  4 orc priests
  2 orc wizards
  A centaur skeleton (D:4)
  4 iguanas
  A worker ant (D:5)
  A killer bee zombie (D:7)
  A hound zombie (D:6)
  A hound skeleton (D:4)
  12 gnolls
  10 adders
  2 shadow imps (D:5)
  An adder zombie (D:7)
  2 dart slugs
  2 worms
  6 leopard geckos
  20 orcs
  5 giant cockroaches
  38 goblins
  19 hobgoblins
  4 jackals (D:6)
  A quokka (D:5)
  6 ball pythons
  5 bats
  10 frilled lizards
  A jackal skeleton (D:5)
  11 kobolds
  A leopard gecko zombie (D:6)
  13 rats
214 creatures vanquished.

Notes
Turn   | Place    | Note
-------+----------+-------------------------------------------
     0 | D:1      | Laan the Centaur Hunter began the quest for the Orb.
     0 | D:1      | Reached XP level 1. HP: 17/17 MP: 1/1
     0 | D:1      | Upgraded the game from 0.20-a0-705-gbe8799e to 0.20-a0-723-gf57855b
   123 | D:1      | Reached XP level 2. HP: 20/24 MP: 2/2
   132 | D:1      | Reached skill level 6 in Bows
   673 | D:2      | Reached XP level 3. HP: 29/29 MP: 3/3
   863 | D:2      | Reached skill level 7 in Bows
  1210 | D:3      | Reached XP level 4. HP: 36/36 MP: 4/4
  1771 | D:3      | Reached skill level 8 in Bows
  2076 | D:3      | Reached XP level 5. HP: 32/41 MP: 5/5
  2601 | D:3      | Found a glowing golden altar of the Shining One.
  2603 | D:3      | Found a burning altar of Makhleb.
  2674 | D:3      | Noticed Grinder
  2693 | D:3      | Killed Grinder
  2693 | D:3      | Reached skill level 10 in Bows
  2693 | D:3      | Reached XP level 6. HP: 9/48 MP: 6/6
  3355 | D:3      | Reached XP level 7. HP: 48/55 MP: 7/7
  3423 | D:3      | Reached skill level 11 in Bows
  4323 | D:4      | Got a steaming ring mail
  4336 | D:4      | Identified the +2 ring mail of the Foremost Runes {-Cast Regen+ rCorr Dex+5} (You found it on level 4 of the Dungeon)
  4459 | D:4      | Noticed Blork the orc
  4469 | D:4      | Noticed Edmund
  4472 | D:4      | Killed Blork the orc
  4503 | D:4      | Reached skill level 12 in Bows
  4506 | D:4      | Noticed smajdalf's ghost (novice TeAE)
  4547 | D:4      | Killed smajdalf's ghost
  4547 | D:4      | Reached skill level 13 in Bows
  4547 | D:4      | Reached XP level 8. HP: 48/61 MP: 8/8
  4590 | D:4      | Killed Edmund
  4667 | D:4      | Found a shimmering altar of Xom.
  4745 | D:4      | Noticed Eustachio
  4771 | D:4      | Killed Eustachio
  4962 | D:4      | Reached skill level 14 in Bows
  5077 | D:5      | Entered Level 5 of the Dungeon
  5172 | D:5      | Noticed Sigmund
  5237 | D:5      | Killed Sigmund
  5257 | D:5      | Found a staircase to the Ecumenical Temple.
  5263 | Temple   | Entered the Ecumenical Temple
  5467 | Temple   | Became a worshipper of Warmaster Okawaru
  5715 | D:5      | Reached skill level 15 in Bows
  6220 | D:5      | Reached XP level 9. HP: 67/67 MP: 9/9
  6236 | D:6      | Found Mail's Distillery.
  6263 | D:6      | Bought a potion of degeneration for 15 gold pieces
  6355 | D:6      | Found a sparkling altar of Nemelex Xobeh.
  6372 | D:6      | Noticed Dowan
  6377 | D:6      | Noticed Duvessa
  6453 | D:6      | Killed Dowan
  6631 | D:6      | Got a vibrating lapis lazuli ring
  6754 | D:6      | Killed Duvessa
  6887 | D:6      | Reached * piety under Okawaru
  7051 | D:6      | Found a sacrificial altar of Ru.
  7394 | D:7      | Got a twisted quarterstaff
  7473 | D:7      | Reached skill level 16 in Bows
  8241 | D:8      | Noticed a two-headed ogre
  8324 | D:8      | Killed a two-headed ogre
  8324 | D:8      | Reached ** piety under Okawaru
  8324 | D:8      | Reached skill level 17 in Bows
  8375 | D:8      | Noticed Psyche
  8385 | D:8      | Killed Psyche
  8385 | D:8      | Reached *** piety under Okawaru
  8438 | D:8      | Reached XP level 10. HP: 72/73 MP: 10/10
  8542 | D:8      | Noticed a two-headed ogre
  8545 | D:8      | Found a radiant altar of Vehumet.
  8545 | D:8      | Found an ornate altar of the Ieoh Jian Council.
  8601 | D:8      | Noticed Erica
  8612 | D:8      | Killed from afar by Erica

Vault maps used:
D:1:      evilmike_arrival_plus, hex_medium, minmay_misc_feat_enclosed,
          moated_statue, minmay_tetromino_o2
D:2:      first_bread
D:3:      minmay_goblin_kobold_castle, grunt_temple_overflow_open, uniq_grinder
D:4:      nicolae_overflow_crystal_walls, uniq_eustachio, uniq_blork_the_orc,
          uniq_edmund
D:5:      minmay_temple_entry_fiery, uniq_sigmund
D:6:      nemelex_xobeh_ov_fountains_minmay, serial_shops, shop,
          nicolae_ru_great_annihilating_truth, uniq_duvessa
D:8:      gammafunk_temple_overflow_statue, onia_ninara_dug_in_and_dangerous,
          uniq_psyche, uniq_erica
Temple:   minmay_temple_curvy_branch

Skill      XL: |  1  2  3  4  5  6  7  8  9 |
---------------+----------------------------+-----
Bows           | 6 7 8 10 13 15 17 | 17.9
Fighting       | |  2.0
Dodging        | |  1.3
Stealth        | |  0.4

Action                   |  1- 3 |  4- 6 |  7- 9 | 10-12 || total
-------------------------+-------+-------+-------+-------++-------
Melee: Short sword       |     6 |   125 |    51 |       ||   182
       Kick              |     2 |    27 |    38 |     6 ||    73
       Rapier            |       |       |    49 |    17 ||    66
 Fire: Shortbow          |    86 |    63 |   473 |       ||   622
Evoke: Wand              |       |       |    13 |       ||    13
  Use: Scroll            |       |       |     6 |       ||     6
       Potion            |       |       |     4 |     1 ||     5
 Stab: Paralysed         |       |       |    32 |       ||    32
  Eat: Chunk             |       |     6 |    12 |       ||    18
Armor: Leather armour    |     4 |    52 |    11 |       ||    67
       Ring mail         |       |       |    64 |     8 ||    72
       Skin              |       |       |     1 |       ||     1
Dodge: Dodged            |     9 |    80 |    77 |     5 ||   171
